 Dungeon Crawl Stone Soup version 0.27.0-1-g7a089689b8 (webtiles) character file.

Game seed: 8859054556533200524

23 horus123 the Vexing (level 2, -3/16 HPs)
             Began as a Deep Elf Arcane Marksman on Aug 14, 2021.
             Slain by a goblin (4 damage)
             ... on level 1 of the Dungeon.
             The game lasted 00:02:36 (995 turns).

horus123 the Vexing (Deep Elf Arcane Marksman)       Turns: 995, Time: 00:02:36

Health: -3/16      AC:  2    Str:  7    XL:     2   Next: 75%
Magic:  4/6        EV: 12    Int: 17    God:
Gold:   50         SH:  0    Dex: 15    Spells: 1/4 levels left

rFire    . . .     SeeInvis .   a - +0 shortbow
rCold    . . .     Faith    .   (shield currently unavailable)
rNeg     . . .     Spirit   .   d - +0 robe
rPois    .         Reflect  .   (no helmet)
rElec    .         Harm     .   (no cloak)
rCorr    .         Rampage  .   (no gloves)
Will     .....                  (no boots)
Stlth    +.........             (no amulet)
HPRegen  0.05/turn              (no ring)
MPRegen  0.10/turn              (no ring)

@: no status effects
A: no striking features
a: no special abilities


You were on level 1 of the Dungeon.
You visited 1 branch of the dungeon, and saw 1 of its levels.

You collected 50 gold pieces.

Inventory:

Hand Weapons
 a - a +0 shortbow (weapon)
Missiles
 c - 8 arrows (quivered ammo)
Armour
 d - a +0 robe (worn)
Scrolls
 b - a scroll of teleportation {unknown}
 e - 2 scrolls of amnesia {unknown}


   Skills:
 + Level 0.7 Fighting
 * Level 3.6 Bows
 + Level 2.6 Dodging
 * Level 1.8 Spellcasting
 * Level 4.6 Hexes


You had one spell level left.
You knew the following spells:

 Your Spells              Type           Power      Damage    Failure   Level
a - Corona                Hex            18%        N/A       3%          1
b - Slow                  Hex            17%        N/A       4%          2

Your spell library contained the following spells:

 Spells                   Type           Power      Damage    Failure   Level
 Inner Flame              Hex/Fire       9%         N/A       22%         3
 Portal Projectile        Hex/Tloc       18%        N/A       22%         3
 Cause Fear               Hex            8%         N/A       30%         4
 Gell's Gravitas          Tloc           0%         N/A       52%         3
 Teleport Other           Tloc           1%         N/A       52%         3
 Dispersal                Tloc           0%         N/A       100%        6


Dungeon Overview and Level Annotations

Branches:
Dungeon (1/15)

Altars:


Message History

You shoot an arrow.
The arrow hits the giant cockroach but does no damage.
You shoot an arrow. The arrow hits the giant cockroach!
You kill the giant cockroach!
c - 12 arrows (gained 1)
You see here a giant cockroach corpse.
c - 13 arrows (gained 1)
A goblin comes into view. It is wielding a +3 dagger.
Casting: Slow (safe; 4% risk of failure)
Confirm with . or Enter, or press ? or * to list all spells.
Aiming: Slow (safe; 4% risk of failure)
Press: ? - help, Shift-Dir - straight line, f - goblin
Aim: a goblin, wielding a +3 dagger (asleep, chance to affect: 71%)
The goblin struggles to resist.
You shoot an arrow. The arrow closely misses the goblin.
The goblin hits you with a +3 dagger.
You shoot an arrow. The arrow closely misses the goblin.
The goblin hits you with a +3 dagger.
You are too injured to fight recklessly!
You are too injured to fight recklessly!
You are too injured to fight recklessly!
Fire: 11 arrows
Press: ? - help, Q - select action, (/) - cycle Shift-Dir - straight line, f/p - goblin
Aim: a goblin, wielding a +3 dagger (51% to hit)
You shoot an arrow. The arrow hits the goblin.
The goblin is severely wounded.
The goblin hits you with a +3 dagger. x2
* * * LOW HITPOINT WARNING * * *
Fire: 10 arrows
Press: ? - help, Q - select action, (/) - cycle Shift-Dir - straight line, f/p - goblin
Aim: a goblin, wielding a +3 dagger (severely wounded, 51% to hit)
You shoot an arrow. The arrow misses the goblin.
The goblin closely misses you.
Unknown command.
Fire: 9 arrows
Press: ? - help, Q - select action, (/) - cycle Shift-Dir - straight line, f/p - goblin
Aim: a goblin, wielding a +3 dagger (severely wounded, 51% to hit)
You shoot an arrow. The arrow closely misses the goblin.
The goblin hits you with a +3 dagger.
You die...

# # # ## # .# # .# #
.# ## .# .# #######(#
.# #.†..@g(# .#
#.#######
############.#
..........#.#
.########...#########
#...........#
##.########.# #.# #.#
#.# #.#


You could see a goblin.

Vanquished Creatures
  3 endoplasms (D:1)
  2 giant cockroaches (D:1)
  A hobgoblin (D:1)
  A kobold (D:1)
  3 quokkas (D:1)
  3 ball pythons (D:1)
  A bat (D:1)
  2 frilled lizards (D:1)
  4 goblins (D:1)
20 creatures vanquished.

Notes
Turn   | Place    | Note
-------+----------+-------------------------------------------
     0 | D:1      | horus123 the Deep Elf Arcane Marksman began the quest for
                  | the Orb.
     0 | D:1      | Reached XP level 1. HP: 11/11 MP: 5/5
   306 | D:1      | Reached XP level 2. HP: 16/16 MP: 4/6
   312 | D:1      | Learned a level 2 spell: Slow
   333 | D:1      | Found a faded altar of an unknown god.
   995 | D:1      | Slain by a goblin

Illustrated notes

Levels and vault maps discovered:
D:1:      ncdulo_halloftheorcs, layout_loops_ring,
          shapermc_ecumenical_altar_petra

Skill      XL: |  1 |
---------------+----+-----
Bows           | 3 |  3.6
Fighting       | |  0.7
Dodging        | |  2.6
Spellcasting   | |  1.8
Hexes          | |  4.6

Action                   || total
-------------------------++-------
 Fire: Shortbow          ||    60
 Cast: Corona            ||    14
       Slow              ||     9
Armor: Robe              ||     1
Dodge: Dodged            ||    23
